 Dungeon Sprint DCSS version 0.17-a0-2231-gd80ca38 (webtiles) character file.

253 zarick13 the Fanfare of Bloodshed (level 5, -24/38 HPs)
             Began as a Demonspawn Gladiator on Oct 29, 2015.
             Was a Believer of Makhleb.
             Annihilated by a hill giant
             ... wielding a +0 giant club
              (32 damage)
             ... in the Dungeon (Sprint IX: "|||||||||||||||||||||||||||||").
             The game lasted 00:02:00 (389 turns).

zarick13 the Fanfare of Bloodshed (DsGl)             Turns: 389, Time: 00:02:01

Health: -24/38     AC: 10    Str: 16    XL:     5   Next: 90%
Magic:  13/13      EV: 10    Int:  9    God:    Makhleb [**....]
Gold:   0          SH:  0    Dex: 14    Spells: 0 memorised, 4 levels left

rFire  . . .     SeeInvis .     u - +2 scimitar (flame)
rCold  . . .     Clarity  .     v - +1 scale mail {MR+}
rNeg   . . .     SustAt   .     (no shield)
rPois  .         Gourm    .     c - +0 helmet
rElec  .         Spirit   .     (no cloak)
rCorr  .         Warding  .     t - +0 pair of gloves
rMut   .         NoTele   +     s - +0 pair of boots
MR     +....                    (no amulet)
Stlth  ..........               (no ring)
                                (no ring)

@: very slightly contaminated, hasted, invisible, very quick, somewhat resistant
to hostile enchantments, extremely unstealthy
A: hooves 2, powered by pain 2
a: Minor Destruction, Renounce Religion


You were in the Dungeon.
You worshipped Makhleb.
Makhleb was pleased with you.
You were not hungry.

You visited 1 branch

Inventory:

Hand Weapons
 a - a +0 long sword
 u - a +2 scimitar of flaming (weapon)
Missiles
 d - 3 throwing nets (quivered)
Armour
 b - a +0 leather armour
 c - a +0 helmet (worn)
 s - a +0 pair of boots (worn)
 t - a +0 pair of gloves (worn)
 v - a +1 scale mail of magic resistance (worn)
Jewellery
 q - a +2 ring of evasion
 r - a +3 ring of dexterity
Wands
 p - a wand of draining (7)
Scrolls
 k - 2 scrolls of blinking
 n - 3 scrolls of remove curse
 o - 2 scrolls of amnesia
Potions
 g - 3 potions of heal wounds
 i - 4 potions of magic
 j - a potion of berserk rage
 m - 4 potions of curing
Comestibles
 e - a bread ration
 l - 9 chunks of flesh


   Skills:
 - Level 2.0 Fighting
 - Level 6.9 Long Blades
 - Level 1.7 Throwing
 - Level 2.6 Dodging
 * Level 12.5 Invocations
 + Level 1.3 Evocations


You had 4 spell levels left.
You didn't know any spells.

Dungeon Overview and Level Annotations

Branches:
Dungeon (1/1)

Altars:
Cheibriados
Dithmenos
Elyvilon
Fedhas
Gozag
Kikubaaqudgha
Makhleb
Nemelex Xobeh
Okawaru
Qazlal
Ru
Sif Muna
Trog
Vehumet
Xom
Yredelemnul
Zin
The Shining One
Beogh
Jiyva
Lugonu


Innate Abilities, Weirdness & Mutations

You have hoof-like feet.
You sometimes gain power by taking damage.


Message History

Throwing (i - inventory):
d - 3 throwing nets (quivered)
Press: ? - help, Shift-Dir - straight line, f/p - worker ant
Aim: a worker ant (heavily wounded)
Okay, then.
Drink which item? (? for menu, Esc to quit)
You fade into invisibility!
You hit the hill giant but do no damage.
The hill giant is lightly wounded.
You slash the hill giant! You burn the hill giant.
The hill giant is moderately wounded.
The hill giant hits you with a giant club!!
Ouch! That really hurt!
* * * LOW HITPOINT WARNING * * *
You hit the hill giant. You burn the hill giant.
The hill giant is moderately wounded.
You hit the hill giant. You burn the hill giant.
The hill giant is heavily wounded.
The hill giant hits you with a giant club!!
Ouch! That really hurt!
You die... ▓▓▓▓▓▓▓▓▓▓▓▓▓▓▓▓▓▓▓▓▓▓▓▓ .aooZoC@.....'.....)|..' ▓▓▓▓▓▓▓▓▓▓▓▓▓▓▓▓▓▓▓▓▓▓▓▓

You could see a hill giant, 3 orc warriors, a worker ant and an adder zombie.

Vanquished Creatures
  A black bear (D)
  A hound (D)
  A jelly (D)
  2 worker ants (D)
  An iguana (D)
  2 adders (D)
  2 kobolds (D)
  2 bats (D)
  A giant gecko skeleton (D)
  2 giant newts (D)
  A rat (D)
16 creatures vanquished.

Notes
Turn   | Place    | Note
--------------------------------------------------------------
     0 | D        | zarick13 the Demonspawn Gladiator began the quest for the Orb.
     0 | D        | Reached XP level 1. HP: 16/16 MP: 1/1
     6 | D        | Reached skill level 3 in Long Blades
    25 | D        | Noticed an iguana
    30 | D        | Reached skill level 5 in Long Blades
    30 | D        | Gained mutation: You sometimes gain a little power by taking damage. [demonic ancestry]
    30 | D        | Reached XP level 2. HP: 17/22 MP: 2/2
    39 | D        | Killed an iguana
    39 | D        | Reached skill level 6 in Long Blades
    39 | D        | Gained mutation: You have large cloven feet. [demonic ancestry]
    39 | D        | Reached XP level 3. HP: 17/27 MP: 3/3
    50 | D        | Found a glowing silver altar of Zin.
    50 | D        | Found a glowing golden altar of the Shining One.
    50 | D        | Found an ancient bone altar of Kikubaaqudgha.
    50 | D        | Found a basalt altar of Yredelemnul.
    50 | D        | Found a shimmering altar of Xom.
    50 | D        | Found a radiant altar of Vehumet.
    51 | D        | Found an iron altar of Okawaru.
   157 | D        | Found a burning altar of Makhleb.
   158 | D        | Found a deep blue altar of Sif Muna.
   159 | D        | Found a bloodstained altar of Trog.
   160 | D        | Found a sparkling altar of Nemelex Xobeh.
   161 | D        | Found a white marble altar of Elyvilon.
   162 | D        | Found a roughly hewn altar of Beogh.
   163 | D        | Found a viscous altar of Jiyva.
   164 | D        | Found a corrupted altar of Lugonu.
   165 | D        | Found a blossoming altar of Fedhas.
   167 | D        | Became a worshipper of Makhleb the Destroyer
   169 | D        | Found a snail-covered altar of Cheibriados.
   170 | D        | Found a shadowy altar of Dithmenos.
   171 | D        | Found a stormy altar of Qazlal.
   172 | D        | Found an opulent altar of Gozag.
   173 | D        | Found a sacrificial altar of Ru.
   244 | D        | Noticed a black bear
   244 | D        | Noticed a hound
   244 | D        | Noticed a worker ant
   244 | D        | Noticed a worker ant
   244 | D        | Noticed a jelly
   247 | D        | Killed a jelly
   247 | D        | Reached skill level 5 in Invocations
   247 | D        | Gained mutation: You have hoof-like feet. [demonic ancestry]
   247 | D        | Reached XP level 4. HP: 22/33 MP: 3/8
   256 | D        | Killed a worker ant
   256 | D        | Reached * piety under Makhleb
   256 | D        | Reached skill level 7 in Invocations
   258 | D        | Killed a worker ant
   258 | D        | Reached skill level 8 in Invocations
   273 | D        | Killed a hound
   273 | D        | Reached ** piety under Makhleb
   273 | D        | Reached skill level 9 in Invocations
   273 | D        | Reached skill level 1 in Evocations
   273 | D        | Gained mutation: You sometimes gain power by taking damage. [demonic ancestry]
   273 | D        | Reached XP level 5. HP: 25/38 MP: 7/12
   279 | D        | Killed a black bear
   279 | D        | Reached skill level 12 in Invocations
   381 | D        | Noticed a worker ant
   381 | D        | Noticed an orc warrior
   381 | D        | Noticed an orc warrior
   381 | D        | Noticed a hill giant
   381 | D        | Noticed an orc warrior
   389 | D        | Annihilated by a hill giant

Vault maps used:
D:        linesprint

Action                   |  1- 3 |  4- 6 || total
-------------------------+-------+-------++-------
Melee: Long sword        |    25 |       ||    25
       Scimitar          |     3 |    35 ||    38
Throw: Throwing net      |     1 |     1 ||     2
Invok: Minor Destruction |       |     2 ||     2
  Use: Potion            |     1 |     2 ||     3
 Stab: Held in net/web   |       |     1 ||     1
